 Dungeon Crawl Stone Soup version bcrawl-1.39.1 (webtiles) character file.

Game seed: 12008463444694832199

135800 Mehrunes the Skirmisher (level 5, 0/46 HPs)
             Began as a Demigod Fighter on Sept 26, 2023.
             Slain by a gnoll
             ... wielding a +0 halberd
              (10 damage)
             ... on level 3 of the Dungeon.
             The game lasted 00:05:11 (2891 turns).

Mehrunes the Skirmisher (Demigod Fighter)           Turns: 2891, Time: 00:05:11

Health: 0/46       AC:  6    Str: 27    XL:     5   Next: 28%
Magic:  10/10      EV: 10    Int: 12    God:    Demigod [*.....]
Gold:   96         SH:  0    Dex: 16    Spells: 4/4 levels left

rFire    . . .     GDR:     30% a - +0 flail
rCold    . . .     SeeInvis .   (no shield)
rNeg     . . .     Gourm    .   b - +0 scale mail
rPois    .         Faith    .   (no helmet)
rElec    .         Spirit   .   (no cloak)
rCorr    .         Reflect  .   (no gloves)
MR       .....                  (no boots)
Stlth    ..........             (no amulet)
HPRegen  0.17/turn              (no ring)
MPRegen  0.12/turn              (no ring)

@: mighty, lethally poisoned (0 -> -4)
A: high mp 1
a: Temporal Distortion


You were on level 3 of the Dungeon.
You worshipped Demigod.
Demigod was aware of your devotion.
You were hungry.

You visited 1 branch of the dungeon, and saw 3 of its levels.

You collected 96 gold pieces.

Inventory:

Hand Weapons
 a - a +0 flail (weapon)
 r - a cursed -3 whip
Armour
 b - a +0 scale mail (worn)
 c - a +0 medium shield
 h - a +0 helmet
Jewellery
 j - a +5 ring of dexterity {unknown}
 n - an uncursed ring of wizardry {unknown}
 o - an uncursed ring of protection from cold {unknown}
Scrolls
 f - 2 scrolls of immolation
 g - a scroll of amnesia {unknown}
 l - a scroll of blinking {unknown}
 m - 3 scrolls of fog {unknown}
 s - a scroll of revelation {unknown}
 t - 5 scrolls of remove curse {unknown}
Potions
 d - a potion of might
 k - 4 potions of curing {unknown}
 p - a potion of berserk rage {unknown}
 q - a potion of magic {unknown}
Comestibles
 e - 7 rations {!d}


   Skills:
 + Level 3.9 Fighting
 + Level 3.3 Maces & Flails
 - Level 2.6 Armour
 - Level 2.6 Shields
 + Level 3.2 Invocations


You had 4 spell levels left.
You didn't know any spells.
Your spell library was empty.

Dungeon Overview and Level Annotations

Branches:
Dungeon (3/12)


Innate Abilities, Weirdness & Mutations

You have an increased reservoir of magic. (+10% MP)


Message History

a +0 club; a hobgoblin corpse You are feeling hungry.
You miss the adder.
You feel sick. The adder bites you. The adder barely misses you.
The gnoll closely misses you.
You closely miss the adder. The adder barely misses you.
The gnoll hits you from afar with a +0 halberd.
The adder closely misses you.
You miss the adder. The adder bites you.
You are more poisoned.
The adder poisons you!
The gnoll hits you from afar with a +0 halberd!
You closely miss the adder.
You feel sick. The adder bites you but does no damage.
The adder barely misses you.
The gnoll hits you from afar with a +0 halberd!
* * * LOW HITPOINT WARNING * * *
You feel very mighty all of a sudden.
You feel sick. The adder bites you but does no damage.
The gnoll hits you from afar with a +0 halberd!
You die...
Your divinity fades.

#(#....[..))....
#.#..#.#####....
#.#..#.......... ...
#.#..####..#....
....##########.#........###..
...............##.####..# #..
#####...................# #..
#.#...#######.....#.# ...
#.#...gS@.#<........# #
#.##g##.###.....###
#.....#............
#.################# #g. ##


You could see 2 gnolls and an adder.

Vanquished Creatures
  A howler monkey (D:3)
  2 orc wizards (D:3)
  Robin (D:2)
  2 oozes
  2 worms (D:2)
  A dart slug (D:2)
  3 leopard geckos
  5 orcs
  11 goblins
  10 hobgoblins
  A jackal (D:1)
  5 kobolds
  2 bats
  A frilled lizard (D:2)
47 creatures vanquished.

Notes
Turn   | Place    | Note
-------+----------+-------------------------------------------
     0 | D:1      | Mehrunes the Demigod Fighter began the quest for the Orb.
     0 | D:1      | Reached XP level 1. HP: 18/18 MP: 3/3
   282 | D:1      | Reached XP level 2. HP: 26/26 MP: 4/4
  1021 | D:2      | Found a shimmering altar of Xom.
  1199 | D:2      | Reached skill level 1 in Invocations
  1227 | D:2      | Noticed a sky beast
  1447 | D:2      | Noticed Robin
  1458 | D:2      | Killed Robin
  1459 | D:2      | Reached XP level 3. HP: 28/31 MP: 6/6
  1493 | D:2      | Reached * piety under Demigod
  2296 | D:3      | Reached XP level 4. HP: 30/38 MP: 6/8
  2835 | D:3      | Reached XP level 5. HP: 46/46 MP: 8/10
  2891 | D:3      | Slain by a gnoll

Skill      XL: |  1  2  3  4 |
---------------+-------------+-----
Fighting       | 3 |  3.9
Maces & Flails | 2 3 |  3.3
Invocations    | 1 2 3 |  3.2
Armour         | |  2.6
Shields        | |  2.6

Action                   |  1- 3 |  4- 6 || total
-------------------------+-------+-------++-------
Melee: Flail             |   101 |    63 ||   164
  Use: Scroll            |       |     1 ||     1
       Potion            |       |     1 ||     1
  Eat: Chunk             |     6 |     5 ||    11
Armor: Scale mail        |    51 |    24 ||    75
Dodge: Dodged            |    50 |    30 ||    80
